 Dungeon Crawl Stone Soup version 0.31.0 (webtiles) character file.

Game seed: 4689904126535106328

311 qw the Shooter (level 6, 0/40 HPs)
             Began as a Gargoyle Hunter on Jan 19, 2024.
             Blown up by Ijyb (18 damage)
             ... with a mindburst bolt
             ... on level 4 of the Dungeon.
             The game lasted 00:00:10 (2108 turns).

qw the Shooter (Gargoyle Hunter)                    Turns: 2108, Time: 00:00:10

Health: 0/40       AC: 13    Str: 15    XL:     6   Next: 42%
Magic:  6/6        EV: 11    Int:  9    God:
Gold:   82         SH:  5    Dex: 15    Spells: 5/5 levels left

rFire   . . .        a - +0 shortbow (drain)
rCold   . . .        (shield currently unavailable)
rNeg    + . .        i - +4 ring mail
rPois   inf          (no helmet)
rElec   +            (no cloak)
rCorr   .            (no gloves)
SInv    .            (no boots)
Will    .....        c - amulet "Goxkyg" {Reflect +Blink SH+5}
Stlth   +            (no ring)
HPRegen 0.26/turn    (no ring)
MPRegen 0.10/turn

%: reflection
@: no status effects
A: sickness immunity, AC +4, negative energy resistance 1, electricity
resistance, torment resistance 1, petrification resistance
a: Evoke Blink


You were on level 4 of the Dungeon.
You visited 1 branch of the dungeon, and saw 4 of its levels.

You collected 187 gold pieces.
You spent 105 gold pieces at shops.


Innate Abilities, Weirdness & Mutations

You are immune to sickness and miasma.
Your stone body is resilient. (AC +4)
You are immune to poison.
You resist negative energy. (rN+)
You are resistant to electric shocks. (rElec)
You are resistant to unholy torment.
You are immune to petrification.


   Skills:
 - Level 5.1 Fighting
 + Level 6.0 Ranged Weapons
 - Level 1.0 Armour
 - Level 1.5 Dodging
 - Level 1.1 Stealth


You had 5 spell levels left.
You didn't know any spells.
Your spell library was empty.

Inventory:

Hand Weapons
 a - a +0 shortbow of draining (weapon)
Armour
 i - a +4 ring mail (worn)
Jewellery
 c - the amulet "Goxkyg" (around neck) {Reflect +Blink SH+5}
   (You acquired it on level 1 of the Dungeon)

   [amulet of reflection]

   Reflect:   It reflects blocked missile attacks.
   +Blink:    It lets you blink.
   SH+5:      It affects your SH (+5).
Wands
 b - a wand of digging (6)
Scrolls
 l - 3 scrolls of enchant armour
Potions
 d - a potion of mutation {unknown}
 e - a potion of heal wounds
 f - a potion of degeneration {unknown}
 j - 2 potions of resistance
 m - a potion of haste

Dungeon Overview and Level Annotations

Branches:
Dungeon (4/15)
 Temple: D:4-7

Altars:
Kikubaaqudgha
Qazlal

Shops:
D:2 :*

Annotations:
D:4 Ijyb


Message History

You shoot an arrow. The arrow closely misses the goblin.
The goblin barely misses you.
You shoot an arrow. The arrow closely misses the goblin.
The goblin hits you but does no damage.
You shoot an arrow. The arrow closely misses the goblin.
The goblin hits you with a +0 club. You block the goblin's attack.
You shoot an arrow. The arrow hits the goblin!
You kill the goblin!
You start resting.
HP restored.
You see here a +0 club.
You open the door.
Found a robe.
A ball python comes into view.
The ball python hisses angrily.
There is an open door here.
You shoot an arrow. The arrow hits the ball python.
You kill the ball python!
Ijyb the Twisted Goblin comes into view.
She is wielding a +0 club and carrying a wand of mindburst.
You shoot an arrow. The arrow hits Ijyb.
You drain Ijyb.
Ijyb is moderately wounded.
Ijyb zaps a wand.
Your mind is blasted!
2095 ||| FLEEEEING.
There is an open door here.
2096 ||| FLEEEEING.
2097 ||| FLEEEEING.
2102 ||| FLEEEEING.
2103 ||| FLEEEEING.
You shoot an arrow. The arrow hits Ijyb but does no damage.
Ijyb is moderately wounded.
You shoot an arrow. The arrow closely misses Ijyb.
You shoot an arrow. The arrow closely misses Ijyb.
You shoot an arrow. The arrow hits Ijyb.
Ijyb is moderately wounded.
Ijyb zaps a wand.
Your mind is blasted!
Ouch! That really hurt!
You shoot an arrow. The arrow hits Ijyb.
Ijyb is heavily wounded.
Ijyb zaps a wand.
Your mind is blasted!
You die...

#..... #####.#....#
#..^.. #.......##.#
#.....#####.########.#
+.........).....>....#
.
#.....#...#....#######
.. #.......#####.#..#
#.g##................#
##......##...........##
#.......##...g..@.....#
......[.'..######+##..#
.#......#### #.....#
#....... #####.#
#........ #.######
##..###... #.....<# #+#
#### ########


You could see Ijyb (very drained).

Vanquished Creatures
  Sigmund (D:3)
  7 adders
  A ribbon worm (D:3)
  3 dart slugs
  6 bats
  8 endoplasms
  2 giant cockroaches (D:3)
  8 goblins
  6 hobgoblins
  7 jackals
  3 quokkas
  9 ball pythons
  3 frilled lizards
  9 kobolds
  5 rats
78 creatures vanquished.

Notes
Turn   | Place    | Note
-------+----------+-------------------------------------------
     0 | D:1      | qw the Gargoyle Hunter began the quest for the Orb.
     0 | D:1      | Reached XP level 1. HP: 12/12 MP: 1/1
     0 | D:1      | 0 ||| qw: Version: 0.3-a-132-g3d54051
     0 | D:1      | 0 ||| qw: Game counter: 305
     0 | D:1      | 0 ||| qw: Melee chars always use a shield: true
     0 | D:1      | 0 ||| qw: God list: Okawaru
     0 | D:1      | 0 ||| qw: Allow faded altars: false
     0 | D:1      | 0 ||| qw: Do Orc after clearing Dungeon:15 true
     0 | D:1      | 0 ||| qw: Do second Lair branch before Depths: true
     0 | D:1      | 0 ||| qw: Lair rune preference: random
     0 | D:1      | 0 ||| qw: Goals: Normal
     0 | D:1      | 0 ||| PLANNING D:1-11
    31 | D:1      | Reached XP level 2. HP: 17/17 MP: 2/2
   325 | D:1      | Reached XP level 3. HP: 21/21 MP: 3/3
   361 | D:1      | Reached skill level 5 in Ranged Weapons
   657 | D:1      | 657 ||| UPGRADING to +4 ring mail.
   667 | D:1      | 667 ||| DROPPING +0 leather armour.
   668 | D:1      | 668 ||| READING scroll labelled OKLUVV MOBUN.
   668 | D:1      | Identified a scroll of acquirement
   668 | D:1      | 668 ||| ACQUIRING amulet "Goxkyg" {Reflect +Blink SH+5}
   668 | D:1      | Acquired the amulet "Goxkyg" {Reflect +Blink SH+5}
   670 | D:1      | 670 ||| UPGRADING to amulet "Goxkyg" {Reflect +Blink SH+5}.
   675 | D:1      | 675 ||| READING scroll labelled ZYALOX IDUHA.
   676 | D:1      | 676 ||| READING 2 scrolls labelled YFUWNU KESCHIDGHY.
   676 | D:1      | 676 ||| IDENTIFYING fizzy inky potion
   677 | D:1      | 677 ||| READING scroll of identify.
   677 | D:1      | 677 ||| IDENTIFYING fuming yellow potion
   678 | D:1      | 678 ||| READING scroll labelled XUTHRYGULEO.
   678 | D:1      | 678 ||| BRANDING +0 shortbow.
   679 | D:1      | 679 ||| READING scroll labelled GOREXE QADITWU.
   680 | D:1      | 680 ||| DROPPING scroll of butterflies.
   681 | D:1      | 681 ||| DROPPING potion of lignification.
   726 | D:2      | Reached skill level 1 in Armour
   741 | D:2      | Reached skill level 3 in Fighting
   741 | D:2      | Reached XP level 4. HP: 28/28 MP: 4/4
   863 | D:2      | Found an ancient bone altar of Kikubaaqudgha.
   910 | D:2      | Found Huexuit's Book Emporium.
  1020 | D:2      | Found Peurhigi's General Store.
  1041 | D:2      | 1041 ||| SHOPLISTING +2 robe of resistance (527 gold, have
                  | 131).
  1041 | D:2      | 1041 ||| BUYING scroll of enchant armour (105 gold).
  1041 | D:2      | Bought a scroll of enchant armour for 105 gold pieces
  1041 | D:2      | 1041 ||| SHOPLISTING scroll of enchant weapon (105 gold,
                  | have 26).
  1041 | D:2      | 1041 ||| SHOPLISTING scroll of identify (28 gold, have 26).
  1041 | D:2      | 1041 ||| SHOPLISTING wand of polymorph (3) (58 gold, have
                  | 26).
  1156 | D:2      | 1156 ||| READING 2 scrolls of identify.
  1156 | D:2      | 1156 ||| IDENTIFYING fizzy coppery potion
  1157 | D:2      | 1157 ||| READING scroll of identify.
  1157 | D:2      | 1157 ||| IDENTIFYING golden potion
  1158 | D:2      | 1158 ||| READING scroll labelled FIONUEW LUTI.
  1159 | D:2      | 1159 ||| READING scroll labelled GUDEWK XODIOM.
  1160 | D:2      | 1160 ||| DRINKING 2 green potions.
  1161 | D:2      | 1161 ||| DROPPING potion of ambrosia.
  1162 | D:2      | 1162 ||| DROPPING potion of invisibility.
  1223 | D:3      | Reached XP level 5. HP: 32/32 MP: 5/5
  1535 | D:3      | Found a stormy altar of Qazlal.
  1767 | D:3      | Reached skill level 6 in Ranged Weapons
  1873 | D:3      | Noticed Sigmund
  1881 | D:3      | Killed Sigmund
  1882 | D:3      | Reached XP level 6. HP: 40/40 MP: 6/6
  1987 | D:3      | 1987 ||| READING scroll labelled HESMUAZXOM.
  1988 | D:3      | 1988 ||| DRINKING 2 yellow potions.
  2093 | D:4      | Noticed Ijyb
  2095 | D:4      | 2095 ||| FLEEEEING.
  2096 | D:4      | 2096 ||| FLEEEEING.
  2097 | D:4      | 2097 ||| FLEEEEING.
  2102 | D:4      | 2102 ||| FLEEEEING.
  2103 | D:4      | 2103 ||| FLEEEEING.
  2108 | D:4      | Blown up by Ijyb

Levels and vault maps discovered:
D:1:      lightli_arrival_boilingwater, layout_loops_ring, minmay_cupped
D:2:      layout_rooms, serial_shops, nicolae_shop_tiny_real_fake_doors,
          shop_coins, basic_altar
D:3:      layout_loops_corners, grunt_qazlal_sundering,
          chequers_serial_rivers_micro_a, roderic_roman_lattice, st_stairs_11,
          uniq_sigmund
D:4:      layout_basic, lemuel_doored_altar, minmay_temple_entry_offerings,
          serial_shops, shop, nicolae_half_adder, uniq_robin, uniq_ijyb

Skill      XL: |  1  2  3  4  5 |
---------------+----------------+-----
Ranged Weapons | 5 6 |  6.0
Armour         | 1 |  1.0
Fighting       | 3 5 |  5.1
Dodging        | |  1.5
Stealth        | |  1.1

Action                     |  1- 3 |  4- 6 || total
---------------------------+-------+-------++-------
   Fire: Shortbow          |    98 |   123 ||   221
    Use: Scroll            |     6 |     5 ||    11
         Potion            |       |     2 ||     2
 Armour: Leather armour    |    13 |       ||    13
         Ring mail         |     1 |    30 ||    31
  Dodge: Dodged            |    28 |    42 ||    70
  Block: Other             |       |    10 ||    10

Table legend:
 A = Non-vault XP
 B = Vault XP
 C = Vault XP percentage of total XP
 D = Non-vault monster count
 E = Vault monster count
 F = Vault count percentage of total count
                 A         B        C        D         E       F
            +---------+---------+-------+---------+---------+-------
      Total |     194 |     251 |  56.4 |      69 |       9 |  11.5
            +---------+---------+-------+---------+---------+-------
        D:1 |      52 |       6 |  10.3 |      30 |       3 |   9.1
        D:2 |      90 |       1 |   1.1 |      25 |       1 |   3.8
        D:3 |      48 |     244 |  83.6 |      11 |       5 |  31.2
        D:4 |       4 |       0 |   0.0 |       3 |       0 |   0.0
            +---------+---------+-------+---------+---------+-------
